 Dungeon Crawl Stone Soup version 0.29-a0-103-g37f86683bf (webtiles) character file.

Game seed: 18148424030811012412

175 Quirk the Skirmisher (level 5, -7/28 HPs)
             Began as a Vine Stalker Fighter on May 20, 2020.
             Mangled by an iguana (11 damage)
             ... on level 4 of the Dungeon on Feb 16, 2022.
             The game lasted 00:07:30 (3206 turns).

Quirk the Skirmisher (Vine Stalker Fighter)         Turns: 3206, Time: 00:07:31

Health: -7/28      AC:  6    Str: 19    XL:     5   Next: 55%
Magic:  0/6        EV:  7    Int: 10    God:
Gold:   209        SH:  8    Dex: 13    Spells: 4/4 levels left

rFire   . . .      SeeInvis +   u - +1 long sword (holy)
rCold   . . .      Faith    .   c - +0 kite shield
rNeg    . . .      Spirit   +   b - +0 scale mail
rPois   +          Reflect  .   (no helmet)
rElec   .          Harm     .   (no cloak)
rCorr   .          Rampage  .   (no gloves)
Will    .....                   (no boots)
Stlth   +.........              C - amulet of the acrobat
HPRegen 0.89/turn               w - ring of poison resistance
MPRegen 0.10/turn               m - ring of see invisible

@: no status effects
A: fangs 2, regeneration 1, magic shield, antimagic bite, no potion heal 2
a: no special abilities


You were on level 4 of the Dungeon.
You visited 1 branch of the dungeon, and saw 4 of its levels.

You collected 209 gold pieces.

Inventory:

Hand Weapons
 u - a +1 long sword of holy wrath (weapon)
Missiles
 y - 4 javelins (quivered)
 D - a throwing net
Armour
 b - a +0 scale mail (worn)
 c - a +0 kite shield (worn)
 o - a +0 leather armour
Magical Staves
 t - a staff of air
Jewellery
 e - a ring of teleportation
 m - a ring of see invisible (right hand)
 s - a ring of ice
 w - a ring of poison resistance (left hand)
 C - an amulet of the acrobat (around neck)
 F - a +4 ring of slaying
Wands
 E - a wand of mindburst (19)
Scrolls
 h - a scroll of noise {unknown}
 i - a scroll of removedness
 j - a scroll of immolation
 l - a scroll of enchant weapon {unknown}
 n - a scroll of fog {unknown}
 x - a scroll of fear {unknown}
 B - 3 scrolls of identify {unknown}
 G - a scroll of teleportation {unknown}
 H - a scroll of torment {unknown}
Potions
 a - a potion of mutation {unknown}
 d - 2 potions of might
 k - a potion of brilliance {unknown}
 p - 2 potions of heal wounds {unknown}
 q - a potion of ambrosia {unknown}
 r - 2 potions of flight {unknown}
 v - a potion of degeneration {unknown}
 z - a potion of lignification {unknown}
 A - 2 potions of curing {unknown}
Comestibles
 f - 2 removed foods
 g - 6 removed foods


   Skills:
 + Level 3.3 Fighting
 * Level 3.3 Long Blades
 + Level 3.0 Armour
 + Level 2.4 Stealth
 + Level 3.2 Shields


You had 4 spell levels left.
You didn't know any spells.
Your spell library contained the following spells:

 Spells                   Type           Power      Damage    Failure   Level
 Apportation              Tloc           0%         N/A       98%         1
 Stone Arrow              Conj/Erth      0%         3d7       100%        3
 Animate Armour           Summ/Erth      0%         N/A       100%        4
 Alistair's Intoxication  Tmut/Pois      0%         N/A       100%        5
 Lehudib's Crystal Spear  Conj/Erth      0%         10d2      100%        8


Dungeon Overview and Level Annotations

Branches:
Dungeon (4/15)
 Temple: D:4-7

Altars:
Nemelex Xobeh


Innate Abilities, Weirdness & Mutations

You have extremely sharp teeth.
Your natural rate of healing is unusually fast.
When hurt, damage is shared between your health and your magic reserves.
Your bite disrupts and absorbs the magic of your enemies.
Potions cannot restore your health.


Message History

You hit the iguana but do no damage. The iguana bites you!
You barely miss the iguana. The iguana bites you!
You block the iguana's attack.
You are too injured to fight recklessly!
You are too injured to fight recklessly!
You are too injured to fight recklessly!
You are too injured to fight recklessly!
You are too injured to fight recklessly!
You closely miss the iguana. You block the iguana's attack.
You closely miss the iguana. Your bite misses the iguana.
You block the iguana's attack.
You slash the iguana!
The iguana is moderately wounded.
The iguana barely misses you.
The iguana bites you but does no damage.
You barely miss the iguana. You bite the iguana, but do no damage.
The iguana is moderately wounded.
The iguana bites you.
You hit the iguana.
The iguana is severely wounded.
You block the iguana's attack. The iguana bites you.
You hit the iguana but do no damage. You bite the iguana, but do no damage.
The iguana is severely wounded.
The iguana bites you.
You closely miss the iguana. Your bite misses the iguana.
The iguana is severely wounded.
You block the iguana's attack.
You hit the iguana. You bite the iguana, but do no damage.
The iguana is severely wounded.
You block the iguana's attack.
The iguana bites you but does no damage.
You hit the iguana.
The iguana is severely wounded.
The iguana bites you.
You hit the iguana but do no damage.
The iguana is severely wounded.
The iguana bites you!
* * * LOW HITPOINT WARNING * * *
The iguana bites you!
You die...

........####.##
#.#
$.............#
#.#
..........<...#
#.######
$.............#
#.......
...........#+##
#######.
..............#
#...
......#.#+##..#
#.##
..............#
#.#
.....###.@....#
#.##
..........l.....#
#...
.....##.....#.#.#
#### ... #.....#
# . .......
###....## .....#
######


You could see an iguana.

Vanquished Creatures
  An orc wizard (D:3)
  5 gnolls
  2 adders (D:2)
  2 dart slugs
  3 orcs (D:3)
  7 bats
  4 endoplasms
  2 ghosts (D:1)
  3 giant cockroaches (D:1)
  12 goblins
  6 hobgoblins
  6 jackals
  4 ball pythons
  A frilled lizard (D:2)
  9 kobolds
  7 rats
  3 bushes (D:2)
77 creatures vanquished.

Vanquished Creatures (others)
  A fungus (D:2)
  2 plants (D:2)
3 creatures vanquished.

Grand Total: 80 creatures vanquished

Notes
Turn   | Place    | Note
-------+----------+-------------------------------------------
     0 | D:1      | Quirk the Vine Stalker Fighter began the quest for the Orb.
     0 | D:1      | Reached XP level 1. HP: 11/11 MP: 2/2
   161 | D:1      | Reached XP level 2. HP: 16/16 MP: 3/3
   249 | D:1      | Upgraded the game from 0.25-a0-1132-g9d38388ac0 to
                  | 0.29-a0-103-g37f86683bf
   440 | D:1      | Reached skill level 1 in Stealth
   455 | D:1      | Reached XP level 3. HP: 7/19 MP: 1/4
  1300 | D:2      | Gained mutation: Your natural rate of healing is unusually
                  | fast. [Vine Stalker growth]
  1300 | D:2      | Reached XP level 4. HP: 24/24 MP: 5/5
  1479 | D:2      | Found a faded altar of an unknown god.
  2417 | D:3      | Found a sparkling altar of Nemelex Xobeh.
  2567 | D:3      | Reached XP level 5. HP: 16/28 MP: 1/6
  3206 | D:4      | Mangled by an iguana

Illustrated notes

Levels and vault maps discovered:
D:1:      tarquinn_simple_flora_water_f, layout_basic
D:2:      layout_basic, serial_forest, infiniplex_forest_clump_small,
          infiniplex_forest_clump_tiny, infiniplex_forest_join,
          infiniplex_forest_corner_1, infiniplex_forest_clump_C,
          infiniplex_forest_end_3, infiniplex_forest_end_2,
          shapermc_ecumenical_altar_mp_urbaneastern, minmay_quadrilaterals
D:3:      layout_loops_corners, nemelex_xobeh_ov_fountains_minmay,
          grunt_ministairs_13
D:4:      layout_basic

Skill      XL: |  1  2  3  4  5 |
---------------+----------------+-----
Long Blades    | 2 3 |  3.3
Stealth        | 1 2 |  2.4
Fighting       | 3 |  3.3
Shields        | 3 |  3.2
Armour         | 3 |  3.0

Action                   |  1- 3 |  4- 6 || total
-------------------------+-------+-------++-------
Melee: Long sword        |    83 |   280 ||   363
       Punch             |     8 |       ||     8
       Bite              |    16 |   120 ||   136
Throw: Javelin           |       |     4 ||     4
  Use: Scroll            |     1 |       ||     1
Armor: Scale mail        |    33 |    39 ||    72
Dodge: Dodged            |    31 |    47 ||    78
Block: Kite shield       |    35 |    67 ||   102
       Rpst.: Long sword |     5 |       ||     5

Table legend: (Time is in decaauts)
 A = Elapsed time spent in this place.
 B = Non-inter-level travel time spent in this place.
 C = Inter-level travel time spent in this place.
 D = Time resting spent in this place.
 E = Time spent auto-exploring this place.
 F = Levels seen in this place.
 G = Mean time per level.
                   A        B        C        D        E       F      G
               +--------+--------+--------+--------+--------+-----+--------+
         Total |   3363 |   3290 |     73 |    172 |   1784 |   4 |  840.8 |
       Dungeon |   3363 |   3290 |     73 |    172 |   1784 |   4 |  840.8 |
               +--------+--------+--------+--------+--------+-----+--------+

Top non-repeatable levels by time:
     D:2: 1371 daAuts
     D:1: 864 daAuts
     D:3: 793 daAuts
     D:4: 77 daAuts
Note: time per level data comes from an upgraded game and may be incomplete.
